AoeStats
← pelto

Glade

510571912Analyzed
1v1 RM · 9h ago on Oct 1, 2026· 54m 20s· 2 players
Game mode
Random Map
Map size
Tiny (2 player)
Population
200
Speed
Normal
Resources
Standard
Victory
Conquest
Starting age
Dark Age
Ending age
Imperial Age
RankedLock teamsTeams togetherTeam positionsShared explorationLock speedFull tech treeHidden civsTurbo modeCheats
Victory
Defeat
🇩🇪 Byzantines · Germany
505
+16
🇺🇸 Portuguese · United States
511
-16
Jona
9:58 Feudal Age
10:26 Double-Bit Axe
15:44 Gold Mining
20:50 Castle Age
22:54 Bow Saw
23:45 Gold Shaft Mining
27:53 Elite Skirmisher
30:19 Stone Mining
33:03 Stone Shaft Mining
37:58 Imperial Age
39:48 Chemistry
38:17 Onager
38:45 Elite Varangian Guard
40:25 Logistica
43:03 Two-Man Saw
pelto
1:59 Loom
11:11 Feudal Age
25:20 Castle Age
25:00 Wheelbarrow
25:03 Scale Mail Armor
25:01 Fletching
26:56 Elite Skirmisher
28:35 Town Watch
29:50 Pikeman
33:44 Bodkin Arrow
36:43 Imperial Age
35:21 Thumb Ring
36:12 Murder Holes
40:41 Halberdier
49:41 Scale Barding Armor
49:38 Bracer
Connection lost

Rejoining the realm…

Still unreachable

The connection could not be restored.

Session expired

The server has moved on; the page needs a fresh start.